 Dungeon Crawl Stone Soup version 0.30-a0-1053-gbd8d5ba0ad (webtiles) character file.

Game seed: 761021939461199467

4186 Newt the Chucker (level 10, -6/76 HPs)
             Began as a Demonspawn Gladiator on Apr 11, 2023.
             Mangled by a cyan ugly thing (14 damage)
             ... on level 9 of the Dungeon.
             The game lasted 00:11:50 (8336 turns).

Newt the Chucker (Demonspawn Gladiator)             Turns: 8336, Time: 00:11:50

Health: -6/76      AC: 13    Str: 18    XL:     10   Next: 8%
Magic:  17/17      EV: 12    Int:  9    God:
Gold:   403        SH:  5    Dex: 16    Spells: 17/18 levels left

rFire   . . .      SeeInvis .    d - +1 dagger (venom)
rCold   . . .      Faith    .    (no shield)
rNeg    . . .      Spirit   .    I - +2 swamp dragon scales
rPois   +          Reflect  +    c - +1 helmet
rElec   .          Rampage  .    (no cloak)
rCorr   .                        (no gloves)
Will    .....                    (no boots)
Stlth   +                        D - amulet of reflection
HPRegen 0.32/turn                h - ring of poison resistance
MPRegen 0.15/turn                (no ring)

@: mighty, lethally poisoned (-6 -> -8), very slightly contaminated
A: powered by pain 1, sharp scales 1, demonic magic 1, demonic touch 2
a: no special abilities


You were on level 9 of the Dungeon.
You visited 2 branches of the dungeon, and saw 10 of its levels.

You collected 481 gold pieces.
You spent 78 gold pieces at shops.

Inventory:

Hand Weapons
 a - a +0 rapier
 d - a +1 dagger of venom (weapon)
 k - a +2 scimitar of flaming
 z - a +3 spear of pain
 L - a +3 dagger of freezing
 M - a +0 short sword
Missiles
 f - 52 poisoned darts
 g - 39 stones
 t - 3 throwing nets
 v - 3 javelins
 J - a boomerang of dispersal
Armour
 b - a +0 leather armour
 c - a +1 helmet (worn)
 s - a +0 pair of gloves
 I - +2 swamp dragon scales (worn)
Jewellery
 h - a ring of poison resistance (left hand)
 p - an amulet of guardian spirit
 D - an amulet of reflection (around neck)
Wands
 E - a wand of roots (21)
 F - a wand of polymorph (7)
 G - a wand of mindburst (2)
 K - a wand of flame (7)
 N - a wand of charming (15)
Scrolls
 e - 5 scrolls of amnesia
 i - 3 scrolls of teleportation
 q - a scroll of fear
 w - a scroll of magic mapping
 y - a scroll of enchant armour
Potions
 j - 2 potions of curing
 l - 4 potions of degeneration
 m - 2 potions of haste
 n - 2 potions of might
 o - a potion of flight
 r - a potion of resistance
 u - 2 potions of lignification
 x - a potion of magic
 B - a potion of ambrosia {unknown}
 H - 2 potions of mutation {unknown}


   Skills:
 - Level 6.0 Fighting
 - Level 6.0 Short Blades
 - Level 6.0 Throwing
 - Level 4.0 Armour
 - Level 4.0 Dodging
 - Level 4.9 Spellcasting
 - Level 4.9 Ice Magic
 + Level 3.4 Evocations


You had 17 spell levels left.
You knew the following spells:

 Your Spells              Type           Power      Damage    Failure   Level
a - Freeze                Ice            44%        1d6       5%          1

Your spell library contained the following spells:

 Spells                   Type           Power      Damage    Failure   Level
 Frozen Ramparts          Ice            22%        1d4       17%         3
 Hailstorm                Conj/Ice       6%         3d4       43%         3
 Poisonous Vapours        Pois/Air       4%         N/A       54%         2
 Mephitic Cloud           Conj/Pois/Air  2%         N/A       78%         3
 Freezing Cloud           Conj/Ice/Air   2%         6-21      99%         5


Dungeon Overview and Level Annotations

Branches:
Dungeon (9/15)             Temple (1/1) D:7
   Lair: D:8-11         Orc: D:9-12

Altars:
Ashenzari
Cheibriados
Dithmenos
Fedhas
Gozag
Hepliaklqana
Makhleb
Nemelex Xobeh
Okawaru
Ru
Sif Muna
Trog
Uskayaw
Vehumet
Wu Jian
Xom
Yredelemnul

Shops:
D:2 [?![!   D:3 ?   D:9 (

Annotations:
D:6 1 runed translucent door


Innate Abilities, Weirdness & Mutations

You sometimes gain a little power by taking damage.
You are partially covered in razor-sharp scales. (AC +1, Slay +1)
Spells you cast may paralyse adjacent enemies.
Your touch may inflict irresistible damage on your foes.


Message History

There is a stone staircase leading up here.
Unknown command.
The cyan ugly thing struggles against the net. x2
You climb upwards.
There is a stone staircase leading down here.
Unknown command.
You start resting.
Magic restored.
You start resting.
You feel yourself speed up.
You start resting.
You recover from your berserk rage.
You start resting.
HP restored.
You start waiting.
Done waiting.
You climb downwards.
The kobold throws a stone.
The stone barely misses you.
The kobold throws a poisoned dart.
The poisoned dart hits you.
You are poisoned.
The cyan ugly thing engulfs you. The cyan ugly thing shocks you!
The cyan ugly thing engulfs you. The cyan ugly thing shocks you!
You focus on the pain.
You feel very mighty all of a sudden.
There is a stone staircase leading up here.
Aiming: Freeze (safe; 5% risk of failure)
Press: ? - help, Q - select action, (/) - cycle Shift-Dir - straight line, f - cyan ugly thing
Aim: a cyan ugly thing You miscast Freeze.
You are very lightly contaminated with residual magic.
Nothing appears to happen.
You feel sick.
The kobold throws a stone.
The stone hits you but does no damage. The cyan ugly thing engulfs you!
The cyan ugly thing shocks you!
* * * LOW HITPOINT WARNING * * *
You focus on the pain.
You feel your power returning.
You feel sick.
The kobold throws a stone.
The stone hits you but does no damage. The cyan ugly thing engulfs you!
* * * LOW HITPOINT WARNING * * *
The cyan ugly thing shocks you!
You die...

.../...ยงยงยง#####.......######
########### #####.### #..#
##.## #..# #.## ###'######
######K.......#
#######.@..KK.......#
.......u####........# #########
#........# #........#
##########


You could see a cyan ugly thing and 3 kobolds.

Vanquished Creatures
  Erolcha (D:9)
  Erica (D:8)
  A deep elf zephyrmancer (D:6)
  Maggie (D:6)
  Grinder (D:5)
  A steam dragon (D:8)
  A water moccasin (D:6)
  An orc warrior (D:8)
  2 ice beasts
  A centaur (D:5)
  3 phantoms
  2 kobold brigands
  A bullfrog (D:8)
  A scorpion (D:6)
  5 wights (D:7)
  2 electric eels (D:7)
  2 hounds (D:5)
  A jelly (D:7)
  A human zombie (D:6)
  An orc priest (D:4)
  A sleepcap (D:6)
  4 iguanas
  4 orc wizards
  8 adders
  4 gnolls (D:5)
  3 white imps
  2 worms (D:4)
  4 dart slugs
  32 orcs
  7 ball pythons
  8 endoplasms
  4 giant cockroaches
  6 goblins
  8 hobgoblins
  4 quokkas
  4 bats
  2 frilled lizards
  A jackal skeleton (D:6)
  15 kobolds
  A kobold skeleton (D:6)
  6 rats
158 creatures vanquished.

Vanquished Creatures (others)
  A shadow imp (D:8)
  2 orcs (D:8)
3 creatures vanquished.

Grand Total: 161 creatures vanquished

Notes
Turn   | Place    | Note
-------+----------+-------------------------------------------
     0 | D:1      | Newt the Demonspawn Gladiator began the quest for the Orb.
     0 | D:1      | Reached XP level 1. HP: 16/16 MP: 1/1
   221 | D:1      | Gained mutation: Your touch may inflict minor irresistible
                  | damage on your foes. [demonic ancestry]
   221 | D:1      | Reached XP level 2. HP: 7/23 MP: 2/2
   872 | D:2      | Found a faded altar of an unknown god.
   934 | D:2      | Found Feneomir's Distillery.
  1031 | D:2      | Found Saol's Distillery.
  1108 | D:2      | Gained mutation: You are partially covered in razor-sharp
                  | scales. (AC +1, Slay +1) [demonic ancestry]
  1108 | D:2      | Reached XP level 3. HP: 29/29 MP: 3/3
  1287 | D:2      | Found Dets's Armour Shop.
  1306 | D:2      | Found Geamidgh's Magic Scroll Emporium.
  1306 | D:2      | Found Ycre's Armour Boutique.
  1315 | D:2      | Bought a scroll of identify for 26 gold pieces
  1315 | D:2      | Bought a scroll of identify for 26 gold pieces
  1453 | D:3      | Found Yzxuj's Magic Scroll Shop.
  1459 | D:3      | Bought a scroll of identify for 26 gold pieces
  1597 | D:3      | Found a sacrificial altar of Ru.
  1611 | D:3      | Gained mutation: Spells you cast may paralyse adjacent
                  | enemies. [demonic ancestry]
  1611 | D:3      | Reached XP level 4. HP: 30/37 MP: 4/4
  2206 | D:4      | Found a shimmering blue altar of Sif Muna.
  2283 | D:4      | Found a sparkling altar of Nemelex Xobeh.
  2288 | D:4      | Noticed a phantom
  2301 | D:4      | Killed a phantom
  2302 | D:4      | Reached XP level 5. HP: 38/42 MP: 5/5
  2984 | D:5      | Entered Level 5 of the Dungeon
  2984 | D:5      | Noticed Grinder
  2989 | D:5      | Paralysed by Grinder for 5 turns
  3006 | D:5      | Killed Grinder
  3007 | D:5      | Reached skill level 5 in Throwing
  3007 | D:5      | Reached XP level 6. HP: 9/48 MP: 6/6
  3257 | D:5      | Gained mutation: Your touch may inflict irresistible damage
                  | on your foes. [demonic ancestry]
  3257 | D:5      | Reached XP level 7. HP: 54/54 MP: 7/7
  3316 | D:5      | Learned a level 1 spell: Freeze
  3946 | D:5      | Reached skill level 1 in Spellcasting
  3946 | D:5      | Reached skill level 1 in Ice Magic
  4484 | D:6      | Noticed Maggie
  4809 | D:7      | Gained mutation: You sometimes gain a little power by
                  | taking damage. [demonic ancestry]
  4809 | D:7      | Reached XP level 8. HP: 22/60 MP: 9/12
  5057 | D:7      | Found a staircase to the Ecumenical Temple.
  5143 | Temple   | Entered the Ecumenical Temple
  5201 | D:7      | Found an ornate altar of the Wu Jian Council.
  5207 | D:7      | Found a shadowy altar of Dithmenos.
  5297 | D:6      | Killed Maggie
  5575 | D:6      | Found a runed translucent door.
  5581 | D:6      | Found a basalt altar of Yredelemnul.
  5726 | D:6      | Noticed a deep elf zephyrmancer
  5732 | D:6      | Killed a deep elf zephyrmancer
  5733 | D:6      | Reached skill level 5 in Short Blades
  5733 | D:6      | Reached XP level 9. HP: 36/65 MP: 12/16
  5877 | D:6      | Found a hazy altar of Hepliaklqana.
  6132 | D:7      | Found a radiant altar of Vehumet.
  6226 | D:7      | Found a snail-covered altar of Cheibriados.
  6825 | D:7      | Found a shimmering altar of Xom.
  7015 | D:8      | Noticed Erica
  7031 | D:8      | Reached skill level 1 in Armour
  7036 | D:8      | HP: 2/65 [something (3)]
  7051 | D:8      | HP: 3/65 [something/bolt of poison (5)]
  7052 | D:8      | Killed Erica
  7537 | D:8      | Reached skill level 5 in Fighting
  7726 | D:8      | Found a bloodstained altar of Trog.
  7750 | D:8      | Found a hide-covered altar of Uskayaw.
  7925 | D:9      | Found Aphuoxus's Antique Weapon Emporium.
  7958 | D:9      | Noticed Erolcha
  7981 | D:9      | Killed Erolcha
  7982 | D:9      | Reached XP level 10. HP: 30/76 MP: 10/17
  7986 | D:9      | Noticed a cyan ugly thing
  8009 | D:9      | HP: 2/76 [cyan ugly thing (16)]
  8336 | D:9      | Mangled by a cyan ugly thing

Illustrated notes

Levels and vault maps discovered:
D:1:      dpeg_arrival_pond, layout_basic, kennysheep_another_room
D:2:      minmay_skewed_foursquare, layout_basic, serial_shops,
          nicolae_shop_crystal, nicolae_shop_trees, shop, shop_statue, shop,
          nicolae_ecumenical_pavilion
D:3:      layout_loops_ring, nicolae_ru_great_annihilating_truth, serial_shops,
          nicolae_shop_statue_plus, minmay_cut_off
D:4:      layout_gridville, mainiacjoe_overflow_tiny_flanked,
          nemelex_xobeh_ov_fountains_minmay, minmay_checkerbox
D:5:      layout_basic, uniq_grinder
D:6:      layout_rooms, dk_yredelemnul_ordeal, nzn_hepliaklqana_mist_gate,
          guppyfry_early_elven_hall, uniq_maggie
D:7:      layout_loops_ring, kennysheep_slug_shrine, old_standard_altar,
          kennysheep_mini_moat, grunt_dithmenos_shadows, tgw_xom,
          minmay_temple_entry_nine_rooms, kennysheep_minor_cross
D:8:      layout_rooms, nicolae_uskayaw_dance_studio, tso_altar,
          mainiacjoe_overflow_alcove_1, uniq_erica
D:9:      layout_roguey, mainiacjoe_overflow_six_doors_small, serial_shops,
          shop, minmay_misc_feat_five, uniq_erolcha
Temple:   nicolae_temple_stand_before_the_council

Skill      XL: |  1  2  3  4  5  6  7  8  9 |
---------------+----------------------------+-----
Fighting       | 3 4 6 |  6.0
Throwing       | 2 3 5 6 |  6.0
Dodging        | 3 4 |  4.0
Spellcasting   | 2 4 |  4.9
Ice Magic      | 2 4 |  4.9
Short Blades   | 5 6 |  6.0
Armour         | 4 |  4.0
Evocations     | 3 |  3.4

Action                     |  1- 3 |  4- 6 |  7- 9 | 10-12 || total
---------------------------+-------+-------+-------+-------++-------
  Melee: Rapier            |   110 |       |       |       ||   110
         Punch             |     1 |       |     3 |       ||     4
         Touch             |    13 |    15 |    65 |     2 ||    95
         Dagger            |       |   103 |   284 |     6 ||   393
  Throw: Javelin           |     1 |       |     3 |       ||     4
         Stone             |    13 |    31 |       |       ||    44
         Throwing net      |     3 |       |       |     1 ||     4
         Dart              |       |     5 |       |       ||     5
   Cast: Freeze            |       |       |    25 |       ||    25
  Evoke: Wand              |       |       |     5 |       ||     5
    Use: Potion            |     2 |     3 |     5 |       ||    10
         Scroll            |     8 |     5 |     6 |       ||    19
   Stab: Held in net/web   |     1 |       |       |       ||     1
         Paralysed         |       |     1 |    18 |       ||    19
 Armour: Leather armour    |    36 |    27 |    14 |       ||    77
         Swamp dragon scal |       |       |    45 |     3 ||    48
  Dodge: Dodged            |    78 |    65 |   128 |     8 ||   279
  Block: Other             |       |       |    47 |     1 ||    48
         Reflection        |       |       |     1 |       ||     1

Table legend: (Time is in decaauts)
 A = Elapsed time spent in this place.
 B = Non-inter-level travel time spent in this place.
 C = Inter-level travel time spent in this place.
 D = Time resting spent in this place.
 E = Time spent auto-exploring this place.
 F = Levels seen in this place.
 G = Mean time per level.
                   A        B        C        D        E       F      G
               +--------+--------+--------+--------+--------+-----+--------+
         Total |   8307 |   7968 |    339 |   1576 |   5226 |  10 |  830.7 |
       Dungeon |   8281 |   7953 |    328 |   1576 |   5215 |   9 |  920.1 |
        Temple |     25 |     15 |     10 |      0 |     11 |   1 |   25.0 |
               +--------+--------+--------+--------+--------+-----+--------+

Top non-repeatable levels by time:
     D:7: 1707 daAuts
     D:5: 1297 daAuts
     D:8: 1273 daAuts
     D:6: 902 daAuts
     D:1: 887 daAuts
     D:4: 833 daAuts
     D:3: 750 daAuts
     D:2: 517 daAuts
     D:9: 111 daAuts
  Temple: 25 daAuts
